 Dungeon Crawl Stone Soup version 0.23-a0-29-g1be82e5 (webtiles) character file.

2512 tilp the Chiller (level 9, -1/66 HPs)
             Began as a Merfolk Ice Elementalist on Aug 3, 2018.
             Was an Initiate of Makhleb.
             Slain by a water moccasin (8 damage)
             ... on level 7 of the Dungeon.
             The game lasted 00:24:37 (9364 turns).

tilp the Chiller (Merfolk Ice Elementalist)         Turns: 9364, Time: 00:24:38

Health: -1/66      AC:  6    Str:  8    XL:     9   Next: 53%
Magic:  11/15      EV: 16    Int: 17    God:    Makhleb [......]
Gold:   327        SH:  5    Dex: 15    Spells: 10/16 levels left

rFire    . . .     SeeInvis .   z - +3 long sword (elec)
rCold    . . .     Gourm    .   j - +0 buckler
rNeg     + . .     Faith    .   B - +2 robe {rN+}
rPois    .         Spirit   .   (no helmet)
rElec    .         Reflect  .   (no cloak)
rCorr    .         Harm     .   E - +1 pair of gloves
MR       .....                  (no boots)
Stlth    ++........             (no amulet)
HPRegen  0.21/turn              (no ring)
MPRegen  0.14/turn              (no ring)

@: lethally poisoned (-1 -> -11)
A: change form in water, swift swim, stealthy swim
a: Renounce Religion


You were on level 7 of the Dungeon.
You worshipped Makhleb.
Makhleb was noncommittal.
You were hungry.

You visited 2 branches of the dungeon, and saw 8 of its levels.

You collected 507 gold pieces.
You spent 180 gold pieces at shops.

Inventory:

Hand Weapons
 a - a +2 short sword of electrocution
 b - a +2 short sword of venom
 f - a +0 spear
 z - a +3 long sword of electrocution (weapon)
 D - a +2 whip of freezing
 K - a +0 halberd
Missiles
 d - 248 stones
 e - 45 sling bullets
 q - 2 tomahawks
 x - 3 tomahawks of returning (quivered)
Armour
 j - a +0 buckler (worn)
 A - a +3 animal skin
 B - a +2 robe of positive energy (worn)
 E - a +1 pair of gloves (worn)
 G - a +0 leather armour of poison resistance
Jewellery
 I - an uncursed ring of magical power {unknown}
 J - an uncursed ring of stealth {unknown}
Wands
 r - a wand of digging (11)
Scrolls
 g - a scroll of magic mapping {unknown}
 l - 3 scrolls of teleportation
 o - 3 scrolls of enchant armour {unknown}
 s - 2 scrolls of random uselessness {unknown}
 t - a scroll of fear
 u - 2 scrolls of amnesia {unknown}
 y - a scroll of remove curse
 C - a scroll of enchant weapon
 M - a scroll of brand weapon {unknown}
Potions
 h - 3 potions of curing
 i - 4 potions of flight
 k - a potion of mutation
 m - a potion of haste {unknown}
 n - 2 potions of degeneration {unknown}
 p - 3 potions of might
 v - a potion of agility {unknown}
 w - 2 potions of lignification {unknown}
 F - a potion of berserk rage {unknown}
 H - a potion of heal wounds {unknown}
 L - a potion of cancellation {unknown}
Comestibles
 c - 10 rations


   Skills:
 + Level 4.4 Fighting
 + Level 6.5 Dodging
 + Level 2.9 Stealth
 - Level 5.4 Shields
 - Level 4.1 Spellcasting
 - Level 2.1 Conjurations
 - Level 4.1 Charms
 * Level 6.5 Ice Magic
 - Level 4.1 Evocations


You had 10 spell levels left.
You knew the following spells:

 Your Spells              Type           Power        Failure   Level  Hunger
a - Freeze                Ice            ####         1%          1    None
b - Throw Frost           Conj/Ice       ###...       4%          2    ##.....
c - Ozocubu's Armour      Chrm/Ice       ###.....     5%          3    ###....

Your spell library contained the following spells:

 Spells                   Type           Power        Failure   Level  Hunger
 Summon Ice Beast         Ice/Summ       ##......     38%         4    ####...
 Throw Icicle             Conj/Ice       ###.....     26%         4    ####...


Dungeon Overview and Level Annotations

Branches:
Dungeon (7/15)             Temple (1/1) D:6

Altars:
Dithmenos
Hepliaklqana
Makhleb
Nemelex Xobeh
Okawaru
Qazlal
Ru
Sif Muna
Trog
Uskayaw
Wu Jian
Xom
Yredelemnul
Zin
The Shining One

Shops:
D:4 *

Annotations:
D:4 3 runed doors, biddum's ghost, amateur GrFi
D:5 exclusion: hungry ghost


Message History

* * * LOW HITPOINT WARNING * * *
You are poisoned.
The water moccasin poisons you!
Casting: Freeze (safe; 1% risk of failure)
Confirm with . or Enter, or press ? or * to list all spells.
Aiming: Freeze (safe; 1% risk of failure)
Press: ? - help, Shift-Dir - straight line, f - water moccasin
Aim: a water moccasin (almost dead)
You freeze the water moccasin.
The water moccasin is almost dead.
You are feeling hungry.
You feel sick. The quokka completely misses you.
You riposte.
You closely miss the quokka.
The quokka is severely wounded.
The water moccasin bites you!
* * * LOW HITPOINT WARNING * * *
The quokka closely misses you.
You riposte.
You barely miss the quokka.
The quokka is severely wounded.
The water moccasin bites you!
You die...

.............#
.............#
##.....##...#
######'##...# ####
..#.......#..## ...#
...#.......#..# ...#
....##......#...
...##....##......#...#
.........#.....S@#...#
.........##....r## ..#
.........##.....##(..#
#..##....##..........#
#..##....##...[......#
.....................#
.....................#
...##....##.....##...#
...########....(# ...#


You could see a water moccasin and a quokka.

Vanquished Creatures
  Pikel (D:3)
  A wraith (D:7)
  Eustachio (D:4)
  A water moccasin (D:7)
  A slave (D:4)
  A necrophage (D:7)
  7 ogres
  2 scorpions (D:7)
  2 crimson imps
  5 hounds
  3 orc priests
  2 centaur skeletons
  Jessica (D:2)
  3 orc wizards
  4 worker ants
  12 gnolls
  7 adders
  A howler monkey skeleton (D:5)
  An ooze (D:1)
  3 worms (D:2)
  3 leopard geckos
  11 orcs
  A ball python (D:1)
  10 bats
  3 giant cockroaches
  14 goblins
  15 hobgoblins
  3 jackals (D:7)
  10 kobolds
  3 quokkas
  3 frilled lizards
  A giant cockroach zombie (D:5)
  A leopard gecko skeleton (D:4)
  2 quokka skeletons
  5 rats
144 creatures vanquished.

Vanquished Creatures (others)
  A worm (D:4)
1 creature vanquished.

Grand Total: 145 creatures vanquished

Notes
Turn   | Place    | Note
-------+----------+-------------------------------------------
     0 | D:1      | tilp the Merfolk Ice Elementalist began the quest for the Orb.
     0 | D:1      | Reached XP level 1. HP: 13/13 MP: 3/3
   170 | D:1      | Reached XP level 2. HP: 14/19 MP: 5/5
   188 | D:1      | Learned a level 2 spell: Throw Frost
   597 | D:1      | Reached XP level 3. HP: 14/24 MP: 3/6
   602 | D:1      | Learned a level 3 spell: Ozocubu's Armour
  1769 | D:2      | Reached skill level 5 in Ice Magic
  1843 | D:2      | Noticed Jessica
  1853 | D:2      | Killed Jessica
  1853 | D:2      | Reached XP level 4. HP: 27/30 MP: 1/7
  2641 | D:3      | Reached XP level 5. HP: 26/35 MP: 8/8
  3001 | D:3      | Reached skill level 1 in Shields
  3079 | D:3      | Reached skill level 1 in Fighting
  3448 | D:3      | Reached XP level 6. HP: 27/43 MP: 0/9
  3910 | D:3      | Found a sparkling altar of Nemelex Xobeh.
  4904 | D:4      | Found a runed gate.
  4904 | D:4      | Found a runed gate.
  4904 | D:4      | Found a runed gate.
  4904 | D:4      | Noticed biddum's ghost (amateur GrFi)
  4935 | D:4      | Found a bloodstained altar of Trog.
  5015 | D:4      | Noticed Eustachio
  5069 | D:4      | Noticed a slave
  5071 | D:4      | Noticed Pikel
  5071 | D:4      | Noticed a slave
  5385 | D:4      | Reached XP level 7. HP: 6/51 MP: 2/10
  5719 | D:3      | Killed Pikel
  5719 | D:3      | Reached skill level 5 in Dodging
  5719 | D:3      | Reached skill level 5 in Shields
  5719 | D:3      | Reached XP level 8. HP: 14/60 MP: 0/11
  6157 | D:4      | Reached skill level 1 in Conjurations
  6178 | D:4      | Found Guixt's Assorted Antiques.
  6191 | D:4      | Bought a pair of glowing gloves for 180 gold pieces
  6252 | D:4      | Killed Eustachio
  6252 | D:4      | Reached skill level 1 in Charms
  6252 | D:4      | Reached skill level 1 in Evocations
  6652 | D:4      | Found a glowing silver altar of Zin.
  7028 | D:5      | Entered Level 5 of the Dungeon
  7194 | D:5      | Found a sacrificial altar of Ru.
  7454 | D:5      | Found a deep blue altar of Sif Muna.
  7556 | D:5      | Found a hide-covered altar of Uskayaw.
  7572 | D:5      | Found a hazy altar of Hepliaklqana.
  7778 | D:6      | Found a shimmering altar of Xom.
  7779 | D:6      | Found a basalt altar of Yredelemnul.
  7832 | D:6      | Found a staircase to the Ecumenical Temple.
  7841 | Temple   | Entered the Ecumenical Temple
  7877 | Temple   | Became a worshipper of Makhleb the Destroyer
  8008 | D:6      | Found a stormy altar of Qazlal.
  8600 | D:7      | Noticed a wraith
  8668 | D:7      | Reached XP level 9. HP: 65/65 MP: 10/14
  9364 | D:7      | Slain by a water moccasin

Vault maps used:
D:1:      ncdulo_lavacross
D:2:      uniq_jessica
D:3:      cheibrodos_greedy_goblins, lemuel_round_altar, cheibrodos_gnoll_hut
D:4:      zin_scriptorium, bloody_trog, gammafunk_ghost_necromancy,
          serial_shops, shop, uniq_pikel, uniq_eustachio
D:5:      nicolae_overflow_crystal_walls, overflow_temple_1_default,
          kennysheep_mini, overflow_temple_1_default, first_ration
D:6:      kennysheep_little_box, grunt_temple_overflow_open,
          minmay_temple_entry_statues_pillars
D:7:      minmay_opposing_rooms
Temple:   jpeg_temple_clearing

Skill      XL: |  1  2  3  4  5  6  7  8  9 |
---------------+----------------------------+-----
Ice Magic      | 4 5 6 |  6.5
Dodging        | 3 4 5 6 |  6.5
Shields        | 2 3 5 |  5.4
Fighting       | 1 2 4 |  4.4
Conjurations   | 2 |  2.1
Charms         | 3 4 |  4.1
Evocations     | 3 4 |  4.1
Spellcasting   | 3 4 |  4.1
Stealth        | |  2.9

Action                   |  1- 3 |  4- 6 |  7- 9 || total
-------------------------+-------+-------+-------++-------
Melee: Mace              |    40 |    14 |       ||    54
       Dagger            |     1 |       |       ||     1
       Unarmed           |     1 |       |       ||     1
       Short sword       |       |   141 |    92 ||   233
       Long sword        |       |       |    76 ||    76
Throw: Stone             |    26 |     2 |     1 ||    29
       Tomahawk          |       |     4 |       ||     4
 Cast: Freeze            |    33 |    24 |    34 ||    91
       Ozocubu's Armour  |     3 |    22 |    19 ||    44
       Throw Frost       |     1 |    13 |     7 ||    21
  Use: Scroll            |       |       |     8 ||     8
       Potion            |       |       |     1 ||     1
 Stab: Sleeping          |       |     3 |     3 ||     6
  Eat: Chunk             |     4 |    16 |    15 ||    35
Armor: Robe              |     7 |    35 |    16 ||    58
       Animal skin       |       |    19 |    24 ||    43
Dodge: Dodged            |    47 |   166 |   157 ||   370
Block: Buckler           |       |    19 |    56 ||    75
       Rpst.: Long sword |       |       |    33 ||    33

Table legend:
 A = Spawn XP
 B = Non-spawn XP
 C = Spawn XP percentage of total XP
 D = Spawn monster count
 E = Non-spawn monster count
 F = Spawn count percentage of total count
 G = Total turns spent on level
                    A         B        C        D         E        F      G
               +---------+---------+-------+---------+---------+-------+---------
         Total |       0 |    3589 |   0.0 |       0 |     143 |   0.0 |  9364
               +---------+---------+-------+---------+---------+-------+---------
           D:1 |       0 |      49 |   0.0 |       0 |      24 |   0.0 |  1276
           D:2 |       0 |     102 |   0.0 |       0 |      20 |   0.0 |  1386
           D:3 |       0 |    1030 |   0.0 |       0 |      43 |   0.0 |  2948
           D:4 |       0 |     782 |   0.0 |       0 |      22 |   0.0 |  1487
           D:5 |       0 |     329 |   0.0 |       0 |       9 |   0.0 |   681
           D:6 |       0 |      50 |   0.0 |       0 |       6 |   0.0 |   778
           D:7 |       0 |    1247 |   0.0 |       0 |      19 |   0.0 |   756
               +---------+---------+-------+---------+---------+-------+---------
